 Dungeon Crawl Stone Soup version 0.27.1-34-g3ba077fa99 (webtiles) character file.

Game seed: 7370574914597904326

123 vvl the Ruffian (level 4, -7/36 HPs)
             Began as a Draconian Transmuter on Jan 11, 2022.
             Mangled by Blork the orc (10 damage)
             ... on level 4 of the Dungeon.
             The game lasted 00:05:52 (3956 turns).

vvl the Ruffian (Draconian Transmuter)              Turns: 3956, Time: 00:05:53

Health: -7/36      AC:  6    Str: 12 (13) XL:     4   Next: 80%
Magic:  7/7        EV: 12    Int: 13 (14) God:
Gold:   180        SH:  0    Dex: 10 (11) Spells: 7/8 levels left

rFire    . . .     SeeInvis .   b - +0 short sword
rCold    + . .     Faith    .   (no shield)
rNeg     . . .     Spirit   .   (armour unavailable)
rPois    .         Reflect  .   (helmet restricted)
rElec    .         Harm     .   (no cloak)
rCorr    .         Rampage  .   (no gloves)
Will     .....                  f - +0 pair of boots
Stlth    +.........             (no amulet)
HPRegen  0.12/turn              m - ring of protection from cold
MPRegen  0.10/turn              (no ring)

@: attractive
A: AC +5, unfitting armour, cold-blooded
a: no special abilities


You were on level 4 of the Dungeon.
You visited 1 branch of the dungeon, and saw 4 of its levels.

You collected 180 gold pieces.

Inventory:

Hand Weapons
 b - a +0 short sword (weapon)
Missiles
 a - 67 bolts
Armour
 f - a +0 pair of boots (worn)
Magical Staves
 o - a staff of earth
Jewellery
 d - a ring of fire
 m - a ring of protection from cold (left hand)
Scrolls
 e - 2 scrolls of identify
 h - a scroll of brand weapon {unknown}
 i - a scroll of blinking {unknown}
 l - a scroll of teleportation
Potions
 g - a potion of degeneration
 j - a potion of resistance


   Skills:
 + Level 2.1 Fighting
 + Level 2.3 Dodging
 * Level 4.0 Unarmed Combat
 + Level 2.5 Spellcasting
 * Level 3.1 Transmutations


You had 7 spell levels left.
You knew the following spells:

 Your Spells              Type           Power      Damage    Failure   Level
a - Beastly Appendage     Tmut           18%        N/A       7%          1

Your spell library contained the following spells:

 Spells                   Type           Power      Damage    Failure   Level
 Wereblood                Tmut           9%         N/A       11%         2
 Passwall                 Tmut/Erth      4%         N/A       19%         2
 Sandblast                Erth           2%         2d4       24%         1
 Spider Form              Tmut/Pois      2%         N/A       36%         3
 Ice Form                 Ice/Tmut       5%         N/A       77%         4
 Lee's Rapid Deconstruct  Erth           0%         3d5*      100%        5


Dungeon Overview and Level Annotations

Branches:
Dungeon (4/15)
 Temple: D:4-7

Altars:
Hepliaklqana
Sif Muna
Yredelemnul
The Shining One

Annotations:
D:4 Blork the orc


Innate Abilities, Weirdness & Mutations

Your plain brown scales are hard. (AC +5)
You cannot fit into any form of body armour.
You are cold-blooded and may be slowed by cold attacks.


Message History

A ball python comes into view.
Blork the orc hits you with a +0 mace! x2
You are too injured to fight recklessly!
You barely miss Blork the orc. Your kick misses Blork the orc.
Blork the orc closely misses you. Blork the orc hits you with a +0 mace!
* * * LOW HITPOINT WARNING * * *
It was a potion of degeneration.
There was something very wrong with that liquid.
You feel weakened.
You feel dopey.
You feel clumsy. Blork the orc hits you with a +0 mace.
* * * LOW HITPOINT WARNING * * *
It was a potion of resistance.
You feel protected. Blork the orc closely misses you.
Blork the orc points at you and mumbles some strange words.
The puff of frost hits you. You resist.
* * * LOW HITPOINT WARNING * * *
It was a potion of brilliance.
You feel clever all of a sudden. Blork the orc misses you.
It was a potion of cancellation.
Your magical effects are unravelling.
You feel magically purged.
Your horns disappear.
Your talons disappear.
Your +0 pair of boots unmelds from your body.
You feel a little less clever now.
Your resistance to elements expires.
Blork the orc hits you with a +0 mace.
* * * LOW HITPOINT WARNING * * *
Blork the orc screams, "I'll drink your blood!
Soon!"
Blork the orc misses you.
It was a potion of attraction.
You feel attractive to monsters. Blork the orc closely misses you.
As you read the scroll labelled JAQAST WOMPORGH, it crumbles to dust.
It is a scroll of identify.
l - a scroll of teleportation Blork the orc hits you with a +0 mace.
* * * LOW HITPOINT WARNING * * *
Blork the orc hits you with a +0 mace!
You die...

#....#.##
########....#.########
.......'....+......... ##
######.#....#.........
... #.#....#.########
.... #.#....#.# .....
..####...#
......########.##########
......So@................
......########.##########
##### #.# # #.##########
#.##........
######'##........
#.......+........
#.......#........
#.......######.##


You could see Blork the orc (fast) and a ball python.

Vanquished Creatures
  2 adders (D:2)
  3 gnolls (D:2)
  An adder skeleton (D:4)
  A worm (D:2)
  A dart slug (D:3)
  6 orcs (D:3)
  7 endoplasms
  4 giant cockroaches
  5 goblins
  3 hobgoblins
  3 jackals (D:3)
  3 quokkas
  2 ball pythons (D:1)
  8 bats
  4 kobolds
  3 rats
56 creatures vanquished.

Vanquished Creatures (others)
  A plant (D:1)
1 creature vanquished.

Grand Total: 57 creatures vanquished

Notes
Turn   | Place    | Note
-------+----------+-------------------------------------------
     0 | D:1      | vvl the Draconian Transmuter began the quest for the Orb.
     0 | D:1      | Reached XP level 1. HP: 16/16 MP: 3/3
   396 | D:1      | Reached XP level 2. HP: 23/23 MP: 3/5
  1055 | D:1      | Found a faded altar of an unknown god.
  1366 | D:1      | Reached XP level 3. HP: 28/28 MP: 4/6
  2307 | D:2      | Reached XP level 4. HP: 16/36 MP: 5/7
  3477 | D:3      | Found a shimmering blue altar of Sif Muna.
  3569 | D:3      | Found a glowing golden altar of the Shining One.
  3571 | D:3      | Noticed an angel
  3580 | D:3      | Found a basalt altar of Yredelemnul.
  3730 | D:3      | Found a hazy altar of Hepliaklqana.
  3844 | D:4      | Reached skill level 4 in Unarmed Combat
  3944 | D:4      | Noticed Blork the orc
  3956 | D:4      | Mangled by Blork the orc

Illustrated notes

Levels and vault maps discovered:
D:1:      evilmike_arrival_fibonacci_small, layout_loops_ring,
          dilly_ecumenical_altar_fadedgnrine, serial_forest,
          infiniplex_forest_straight_2, infiniplex_forest_lined_room_3,
          infiniplex_forest_clump_tiny, infiniplex_forest_end_1,
          infiniplex_forest_fountain, infiniplex_forest_corner_1,
          infiniplex_forest_split, minmay_tree_intersection, chequers_garden
D:2:      layout_loops_ring, mrwooster_statue_mirror, grunt_decor_arrowhead,
          kennysheep_generic_room_10
D:3:      layout_loops_ring, grunt_temple_overflow_holy_war, lemuel_round_altar,
          nicolae_hepliaklqana_hippocampus
D:4:      layout_basic, uniq_blork_the_orc, uniq_grinder

Skill      XL: |  1  2  3  4 |
---------------+-------------+-----
Dodging        | 2 |  2.3
Fighting       | 2 |  2.1
Transmutations | 3 |  3.1
Unarmed Combat | 4 |  4.0
Spellcasting   | |  2.5

Action                   |  1- 3 |  4- 6 || total
-------------------------+-------+-------++-------
Melee: Unarmed           |    24 |       ||    24
       Short sword       |    82 |    75 ||   157
       Kick              |    14 |    20 ||    34
       Headbutt          |    14 |     9 ||    23
       Tailslap          |     8 |    10 ||    18
 Cast: Beastly Appendage |    25 |    13 ||    38
  Use: Potion            |       |     5 ||     5
       Scroll            |       |     1 ||     1
 Stab: Sleeping          |       |     2 ||     2
       Distracted        |       |     1 ||     1
Armor: Skin              |    51 |    18 ||    69
Dodge: Dodged            |    89 |    47 ||   136
